 Dungeon Crawl Stone Soup version 0.22-a0-362-g535178c (webtiles) character file.

3 Deeps the Skirmisher (level 1, -3/14 HPs)
             Began as a Gargoyle Monk on Apr 21, 2018.
             Slain by a kobold
             ... wielding a +0 whip
              (4 damage)
             ... on level 1 of the Dungeon.
             The game lasted 00:00:46 (90 turns).

Deeps the Skirmisher (Gargoyle Monk)                  Turns: 90, Time: 00:00:47

Health: -3/14      AC:  4    Str: 14    XL:     1   Next: 50%
Magic:  1/1        EV: 12    Int: 10    God:
Gold:   7          SH:  0    Dex: 12    Spells: 0/0 levels left

rFire    . . .     SeeInvis .   a - +0 hand axe
rCold    . . .     Gourm    .   (no shield)
rNeg     + . .     Faith    .   b - +0 robe
rPois    ∞         Spirit   .   (no helmet)
rElec    +         Reflect  .   (no cloak)
rCorr    .         Harm     .   (no gloves)
MR       .....                  (no boots)
Stlth    ++........             (no amulet)
HPRegen  0.04/turn              (no ring)
MPRegen  0.07/turn              (no ring)

@: no status effects
A: negative energy resistance 1, electricity resistance, unbreathing,
petrification resistance, rot immunity, AC +2
a: no special abilities


You were on level 1 of the Dungeon.
You were not hungry.

You visited 1 branch of the dungeon, and saw 1 of its levels.

You collected 7 gold pieces.

Inventory:

Hand Weapons
 a - a +0 hand axe (weapon)
Armour
 b - a +0 robe (worn)
Comestibles
 c - a ration {@e1}


   Skills:
 + Level 3.4 Fighting
 + Level 2.8 Axes
 - Level 2.4 Dodging
 - Level 2.1 Stealth


You couldn't memorise any spells.
You didn't know any spells.

Dungeon Overview and Level Annotations

Branches:
Dungeon (1/15)

Altars:


Innate Abilities, Weirdness & Mutations

You are resistant to torment.
Your stone body is resilient. (AC +2)
You are immune to poison.
You resist negative energy. (rN+)
You are resistant to electric shocks. (rElec)
You can survive without breathing.
You are immune to petrification.
You are immune to rotting.


Message History

The leopard gecko bites you but does no damage.
The leopard gecko closely misses you.
You hit the leopard gecko.
You kill the leopard gecko!
No target in view!
No target in view!
No target in view!
No target in view!
No target in view!
No target in view!
No target in view!
No target in view!
No target in view!
No target in view!
No target in view!
No target in view!
No target in view!
A bat comes into view.
A bat is nearby!
A bat is nearby!
A bat is nearby!
The bat closely misses you.
You miss the bat. The bat closely misses you.
The bat hits you but does no damage.
You closely miss the bat. The bat misses you. The bat closely misses you.
The bat hits you.
You take 1 damage, and have 11/14 hp.
The bat hits you but does no damage. The bat hits you but does no damage.
The bat barely misses you. The bat closely misses you.
The bat closely misses you.
You barely miss the bat. The bat hits you but does no damage.
You miss the bat. The bat hits you but does no damage. x3
You miss the bat. The bat barely misses you. The bat completely misses you.
A bat is nearby!
The bat hits you but does no damage. The bat closely misses you.
The bat misses you.
You miss the bat. The bat hits you but does no damage.
The bat closely misses you.
A rat comes into view.
The bat hits you but does no damage.
You hit the bat. The bat barely misses you.
The bat hits you but does no damage. The bat barely misses you.
You closely miss the bat. You hit the rat.
You kill the rat!
The bat hits you but does no damage. x2
You hit the bat.
You kill the bat!
No target in view!
No target in view!
No target in view!
No target in view!
No target in view!
No target in view!
No target in view!
No target in view!
No target in view!
No target in view!
No target in view!
No target in view!
No target in view!
No target in view!
A kobold comes into view. It is wielding a whip.
A kobold is nearby!
A kobold is nearby!
A kobold is nearby!
The kobold shouts!
The kobold misses you.
You hit the kobold. The kobold hits you but does no damage.
The kobold barely misses you.
You barely miss the kobold. The kobold hits you with a whip.
You take 1 damage, and have 11/14 hp.
You barely miss the kobold. The kobold hits you with a whip.
You take 3 damage, and have 8/14 hp.
MASSIVE DAMAGE!!
You closely miss the kobold. The kobold hits you with a whip.
You take 1 damage, and have 7/14 hp.
You barely miss the kobold. The kobold hits you with a whip.
You take 1 damage, and have 6/14 hp.
You barely miss the kobold. The kobold hits you with a whip.
* * * LOW HITPOINT WARNING * * *
You take 3 damage, and have 3/14 hp.
MASSIVE DAMAGE!!
You barely miss the kobold. The kobold closely misses you.
You hit the kobold but do no damage. The kobold hits you but does no damage.
The kobold hits you with a whip.
* * * LOW HITPOINT WARNING * * *
You take 2 damage, and have 1/14 hp.
You closely miss the kobold. The kobold closely misses you.
You closely miss the kobold. The kobold hits you but does no damage.
Unknown command.
You closely miss the kobold. The kobold barely misses you.
You hit the kobold but do no damage. The kobold closely misses you.
Unknown command.
You barely miss the kobold. The kobold barely misses you.
You hit the kobold but do no damage. The kobold hits you with a whip.
You die...

#.. ... .. ##. #.#
.#..#..
.#..#..#############
.#................?###
.##......†.......K...#
..##............@#
...##............#
.#..##...#.#.#####
.##..##....#!#
.###..##...#.. .#
##..##..#... .#
##.....#.... .#
##....#..... .#
##.....#######


You could see a kobold.

Vanquished Creatures
  A leopard gecko (D:1)
  A bat (D:1)
  A rat (D:1)
3 creatures vanquished.

Notes
Turn   | Place    | Note
-------+----------+-------------------------------------------
     0 | D:1      | Deeps the Gargoyle Monk began the quest for the Orb.
     0 | D:1      | Reached XP level 1. HP: 14/14 MP: 1/1
    82 | D:1      | HP: 3/14 [kobold/whip (3)]
    84 | D:1      | HP: 1/14 [kobold/whip (2)]
    90 | D:1      | Slain by a kobold

Vault maps used:
D:1:      dpeg_chamrin_arrival_tetris, tso_altar

Action                   || total
-------------------------++-------
Melee: Hand axe          ||    30
Armor: Robe              ||    18
Dodge: Dodged            ||    27

Table legend:
 A = Spawn XP
 B = Non-spawn XP
 C = Spawn XP percentage of total XP
 D = Spawn monster count
 E = Non-spawn monster count
 F = Spawn count percentage of total count
 G = Total turns spent on level
                    A         B        C        D         E        F      G
               +---------+---------+-------+---------+---------+-------+---------
         Total |       0 |       5 |   0.0 |       0 |       3 |   0.0 |    90
               +---------+---------+-------+---------+---------+-------+---------
           D:1 |       0 |       5 |   0.0 |       0 |       3 |   0.0 |    90
               +---------+---------+-------+---------+---------+-------+---------

Vault maps used:
D:1:      dpeg_chamrin_arrival_tetris, tso_altar

Table legend:
 A = Turns spent in this place as a percentage of turns spent in the entire game.
 B = Non-inter-level travel turns spent in this place as a percentage of non-inter-level travel turns spent in the entire game.
 C = Inter-level travel turns spent in this place as a percentage of turns spent in this place.
 D = Turns resting spent in this place as a percentage of non-inter-level travel turns spent in this place.
 E = Turns spent auto-exploring this place as a percentage of non-inter-level travel turns spent in this place.
 F = Non-inter-level travel turns spent in this place divided by the number of levels of this place that you've seen.
                   A       B       C       D       E      F
               +-------+-------+-------+-------+-------+----------------------
         Total | 100.0 | 100.0 |   0.0 |   0.0 |  36.7 |  90.0
       Dungeon | 100.0 | 100.0 |   0.0 |   0.0 |  36.7 |  90.0
               +-------+-------+-------+-------+-------+----------------------

Table legend:
 A = Kills in this place as a percentage of kills in entire the game.
 B = Kills by you in this place as a percentage of kills by you in the entire game.
 C = Kills by friends in this place as a percentage of kills by friends in the entire game.
 D = Other kills in this place as a percentage of other kills in the entire game.
 E = Experience gained in this place as a percentage of experience gained in the entire game.
 F = Experience gained in this place divided by the number of levels of this place that you have seen.
                   A       B       C       D       E      F
               +-------+-------+-------+-------+-------+----------------------
         Total | 100.0 | 100.0 |   N/A |   N/A | 100.0 |   5.0
       Dungeon | 100.0 | 100.0 |   N/A |   N/A | 100.0 |   5.0
               +-------+-------+-------+-------+-------+----------------------
